 Dungeon Crawl Stone Soup version 0.14.0-6-g1bc2dff (webtiles) character file.

359 Ragg the Ruinous (level 5, -19/28 HPs)
             Began as a Deep Elf Conjurer on Apr 12, 2014.
             Killed by a distortion unwield (36 damage)
             ... on Level 4 of the Dungeon.
             The game lasted 00:08:57 (2541 turns).

Ragg the Ruinous (Deep Elf Conjurer)                Turns: 2541, Time: 00:08:57

HP -19/28        AC  4     Str  5      XL: 5   Next: 86%
MP  13/20        EV 10     Int 21      God:
Gold 110         SH  0     Dex 15      Spells:  3 memorised,  8 levels left

rFire  . . .     SeeInvis .     (no weapon)
rCold  . . .     Clarity  .     t - +0 leather armour
rNeg   . . .     Conserve .     (no shield)
rPois  .         rCorr    .     (no helmet)
rElec  .         rRot     .     r - +0 cloak (curse)
SustAb . .       Spirit   .     (no gloves)
rMut   .         Warding  .     (no boots)
Saprov . . .     Stasis   .     (no amulet)
MR     .....                    (no ring)
                                (no ring)

@: not resistant to hostile enchantments, fairly stealthy
A: no striking features
a: no special abilities


You were on level 4 of the Dungeon.
You were not hungry.

You visited 1 branch of the dungeon, and saw 4 of its levels.

You collected 110 gold pieces.

Inventory:

Hand weapons
 a - a +0,+1 dagger of venom
 d - a +1,+0 spear
 y - a +1,+2 short sword of distortion
Armour
 r - a cursed +0 cloak (worn)
 t - a +0 leather armour (worn)
Comestibles
 b - 2 bread rations
 i - 3 apples
 x - 4 chunks of orc flesh
Scrolls
 e - 2 scrolls of remove curse {unknown}
 f - a scroll of identify {unknown}
 g - a scroll of random uselessness {unknown}
 h - a scroll of recharging {unknown}
 k - 2 scrolls of fog {unknown}
 l - a scroll of enchant weapon I {unknown}
 q - a scroll of fear {unknown}
 s - a scroll of enchant armour {unknown}
 u - a scroll of amnesia {unknown}
 v - a scroll of noise {unknown}
Jewellery
 n - an uncursed amulet of resist mutation {unknown}
Potions
 j - a potion of curing
 m - a potion of paralysis {unknown}
 o - a potion of heal wounds {unknown}
 p - a potion of poison {unknown}
 w - a potion of invisibility {unknown}
Books
 c - a book of Conjurations

   Spells                             Type                      Level
   *Magic Dart                        Conjuration                  1
   *Searing Ray                       Conjuration                  2
   Dazzling Spray                     Conjuration/Hexes            3
   Fulminant Prism                    Conjuration/Hexes            4
   Iskenderun's Mystic Blast          Conjuration                  4
   *Iskenderun's Battlesphere         Conjuration/Charms           5


   Skills:
 - Level 2.4 Dodging
 - Level 2.4 Stealth
 + Level 6.1 Spellcasting
 + Level 6.3 Conjurations
 + Level 1.1 Charms


You had 8 spell levels left.
You knew the following spells:

 Your Spells              Type           Power        Failure   Level  Hunger
a - Magic Dart            Conj           ####         1%          1    None
b - Searing Ray           Conj           ####..       1%          2    None
c - Iskenderun's Battles  Conj/Chrm      ###.....     67%         5    #####..


Dungeon Overview and Level Annotations

Branches:
Dungeon (4/15)
 Temple: D:4-7

Altars:
Fedhas

Annotations:
D:3 hurdos' ghost, average TrMo


Message History

Your Charms skill increases to level 1!
Things that are here:
a runed short sword; an orc corpse You start butchering the orc corpse.
You continue butchering the corpse.
You continue butchering the corpse. x2
You finish butchering the orc corpse.
x - 4 chunks of orc flesh You see here a runed short sword.
y - a runed short sword
There are no items here.
Wield which item (- for none, * to show all)? (? for menu, Esc to quit)
Your +0,+1 dagger of venom stops dripping with poison.
Space warps around you for a moment!
y - a +1,+2 short sword of distortion (weapon)
Wield which item (- for none, * to show all)? (? for menu, Esc to quit)
Okay, then.
Really unwield
y - a +1,+2 short sword of distortion?
You are caught in an extremely strong localised spatial distortion!
Ouch! That really hurt!
You die...

#....%....#####.#######
##..>..................
#........#####.#.#####
#........# #.#..##
#........# #.#..##
###.###### #.#..## #.#
#.#..## #.########
###.#..## #..@.....#
#...#..## #..#####.#
#.###..## #..#
#.###..## #... #......#
#...# # #.####.# #..(#
#.#......# #...#
#........# #...#
###....<...## ...
.........[....


There were no monsters in sight!

Vanquished Creatures
  An orc priest (D:4)
  A hound (D:4)
  An orc wizard (D:4)
  2 iguanas
  2 adders
  A giant mite (D:2)
  A worm (D:2)
  An ooze (D:1)
  An orc (D:3)
  8 bats
  3 giant cockroaches
  4 hobgoblins
  2 jackals (D:2)
  2 giant newts
  10 goblins
  8 kobolds
  2 quokkas (D:2)
  6 rats
56 creatures vanquished.

Vanquished Creatures (others)
  Natasha (D:3)
1 creature vanquished.

Grand Total: 57 creatures vanquished

Notes
Turn   | Place    | Note
--------------------------------------------------------------
     0 | D:1      | Ragg, the Deep Elf Conjurer, began the quest for the Orb.
     0 | D:1      | Reached XP level 1. HP: 10/10 MP: 5/5
   410 | D:1      | Reached XP level 2. HP: 15/15 MP: 6/8
   481 | D:1      | Learned a level 2 spell: Searing Ray
  1053 | D:2      | Found a blossoming altar of Fedhas.
  1156 | D:2      | Reached XP level 3. HP: 19/19 MP: 8/12
  1346 | D:2      | Reached skill level 5 in Conjurations
  1871 | D:3      | Reached skill level 5 in Spellcasting
  1871 | D:3      | Reached XP level 4. HP: 24/24 MP: 7/17
  1876 | D:3      | Noticed hurdos' ghost (average TrMo)
  2022 | D:3      | Noticed Natasha
  2030 | D:3      | Killed Natasha
  2045 | D:4      | Reached XP level 5. HP: 4/28 MP: 6/19
  2254 | D:4      | Reached skill level 6 in Conjurations
  2515 | D:4      | Learned a level 5 spell: Iskenderun's Battlesphere
  2532 | D:4      | Reached skill level 1 in Charms
  2541 | D:4      | Killed by a distortion unwield

Action                   |  1- 3 |  4- 6 || total
-------------------------+-------+-------++-------
 Cast: Magic Dart        |    82 |    49 ||   131
       Searing Ray       |       |     2 ||     2
  Use: Potion            |       |     1 ||     1
